 Dungeon Crawl Stone Soup version 0.19.0-11-g3fc08b3 (webtiles) character file.

220 Gingerlord the Ducker (level 6, -6/47 HPs)
             Began as a Human Wanderer on Nov 8, 2016.
             Shot with an arrow by a centaur (9 damage)
             ... on level 3 of the Dungeon.
             The game lasted 00:04:59 (2857 turns).

Gingerlord the Ducker (Human Wanderer)              Turns: 2857, Time: 00:05:00

Health: -6/47      AC:  6    Str: 13    XL:     6   Next: 18%
Magic:  6/6        EV: 12    Int: 13    God:
Gold:   84         SH:  3    Dex: 13    Spells: 0 memorised, 5 levels left

rFire  . . .     SeeInvis .     c - +0 falchion
rCold  . . .     Gourm    .     p - +0 ring mail
rNeg   . . .     Faith    .     (no shield)
rPois  .         Spirit   .     (no helmet)
rElec  .         Reflect  +     (no cloak)
rCorr  .         Harm     .     (no gloves)
MR     .....                    v - +0 pair of boots
Stlth  +.........               i - +3 amulet of reflection
                                (no ring)
                                l - ring of flight

@: very slightly contaminated, invisible (expiring)
A: no striking features
a: Evoke Flight


You were on level 3 of the Dungeon.
You were very hungry.

You visited 1 branch of the dungeon, and saw 3 of its levels.

You collected 84 gold pieces.

Inventory:

Hand Weapons
 c - a +0 falchion (weapon)
Missiles
 b - 3 throwing nets (quivered)
Armour
 p - a +0 ring mail (worn)
 r - a +0 plate armour
 v - a +0 pair of boots (worn)
Jewellery
 i - a +3 amulet of reflection (around neck)
 l - a ring of flight (left hand)
Wands
 d - a wand of random effects (15/48)
Scrolls
 a - 3 scrolls of identify {unknown}
 e - a scroll of recharging {unknown}
 m - a scroll of amnesia {unknown}
 q - a scroll of remove curse {unknown}
 s - 2 scrolls of noise {unknown}
 t - a scroll of immolation {unknown}
 u - a scroll of random uselessness {unknown}
Potions
 h - 2 potions of curing {unknown}
 j - a potion of magic {unknown}
 k - a potion of degeneration {unknown}
 n - a potion of ambrosia {unknown}
 o - 3 potions of flight {unknown}
 w - a potion of mutation {unknown}
 x - a potion of lignification {unknown}
 A - a potion of might {unknown}
Comestibles
 f - a bread ration


   Skills:
 + Level 3.0 Fighting
   Level 3.0(3.4) Short Blades
 + Level 2.4(3.1) Long Blades
 - Level 1.0 Throwing
 + Level 2.3 Armour
 + Level 4.1 Dodging
 - Level 1.0 Stealth
 - Level 1.0 Evocations


You had 5 spell levels left.
You didn't know any spells.

Dungeon Overview and Level Annotations

Branches:
Dungeon (3/15)

Altars:
The Shining One


Message History

The centaur is almost dead.
The centaur completely misses you.
You riposte.
You hit the centaur but do no damage.
The centaur is almost dead.
The jackal bites you.
* * * LOW HITPOINT WARNING * * *
The centaur barely misses you.
You hit the centaur but do no damage.
The centaur is almost dead.
You flicker for a moment.
You block the jackal's attack. The centaur closely misses you.
The jackal closely misses you. The centaur hits you.
* * * LOW HITPOINT WARNING * * *
Unknown command.
Items here: ( )) ††† You barely miss the jackal.
The centaur wields an uncursed shortbow.
The centaur shoots an arrow.
The arrow barely misses the jackal.
The arrow hits you!
You die...

#.# #......... #c#
#........ #.# #..g...g
#<#####.......
#.#.........##
#.#.###....## .
#.#........# ...
#.#######.#########.....
#...........c)h@...#
#############)####.# #.#
# #.# #.# #.# #.# #.#
#..


You could see a centaur and a jackal.

Vanquished Creatures
  A jelly (D:3)
  Natasha (thrice) (D:2)
  Robin (D:3)
  3 adders
  A worm (D:2)
  2 dart slugs
  A giant cockroach (D:2)
  14 goblins
  7 hobgoblins
  11 jackals
  8 kobolds
  3 quokkas (D:2)
  10 bats
  5 frilled lizards (D:1)
  3 rats
73 creatures vanquished.

Vanquished Creatures (others)
  A jackal (D:3)
1 creature vanquished.

Grand Total: 74 creatures vanquished

Notes
Turn   | Place    | Note
-------+----------+-------------------------------------------
     0 | D:1      | Gingerlord the Human Wanderer began the quest for the Orb.
     0 | D:1      | Gingerlord set off with: a +0 leather armour, 3 throwing nets, a +0 falchion, a wand of random effects (15/48), a bread ration
     0 | D:1      | Reached XP level 1. HP: 15/15 MP: 1/1
   195 | D:1      | Reached XP level 2. HP: 12/21 MP: 2/2
   594 | D:1      | Reached skill level 1 in Long Blades
   733 | D:1      | Reached XP level 3. HP: 22/26 MP: 3/3
   969 | D:2      | Noticed Natasha
  1078 | D:1      | Reached skill level 1 in Armour
  1242 | D:2      | Killed Natasha
  1242 | D:2      | Reached XP level 4. HP: 16/33 MP: 4/4
  1607 | D:2      | Found a glowing golden altar of the Shining One.
  1704 | D:2      | Noticed Natasha
  2051 | D:2      | Killed Natasha
  2051 | D:2      | Reached XP level 5. HP: 23/39 MP: 5/5
  2171 | D:2      | Noticed Natasha
  2182 | D:2      | Killed Natasha
  2547 | D:2      | Reached skill level 4 in Dodging
  2715 | D:3      | Noticed Robin
  2715 | D:3      | Noticed a centaur
  2793 | D:3      | Killed Robin
  2823 | D:3      | Reached XP level 6. HP: 29/46 MP: 6/6
  2857 | D:3      | Shot with an arrow by a centaur

Skill      XL: |  1  2  3  4  5  6 |
---------------+-------------------+-----
Long Blades    | 1 2 |  2.4
Armour         | 1 2 |  2.3
Fighting       | 2 3 |  3.0
Dodging        | 4 |  4.1
Short Blades   | |  3.0
Throwing       | |  1.0
Stealth        | |  1.0
Evocations     | |  1.0

Action                   |  1- 3 |  4- 6 || total
-------------------------+-------+-------++-------
Melee: Falchion          |   118 |   192 ||   310
  Use: Potion            |       |     1 ||     1
 Stab: Sleeping          |     1 |       ||     1
       Invisible         |       |     1 ||     1
  Eat: Chunk             |     1 |     5 ||     6
Armor: Leather armour    |    27 |       ||    27
       Ring mail         |    22 |    75 ||    97
Dodge: Dodged            |   103 |   147 ||   250
Block: Other             |    18 |    23 ||    41
       Reflection        |     1 |       ||     1
       Rpst.: Falchion   |    33 |    59 ||    92
